 Dungeon Crawl Stone Soup version 0.31-a0-702-gf82c85558f (webtiles) character file.

Game seed: 15909782833863757349

1069 qw the Shooter (level 8, -13/48 HPs)
             Began as a Gargoyle Hunter on Sept 8, 2023.
             Was a Follower of Okawaru.
             Mangled by a wyvern (14 damage)
             ... on level 7 of the Dungeon.
             The game lasted 00:01:58 (3812 turns).

qw the Shooter (Gargoyle Hunter)                    Turns: 3812, Time: 00:01:59

Health: -13/48     AC: 13    Str: 15    XL:     8   Next: 28%
Magic:  10/10      EV: 15    Int: 10    God:    Okawaru [*.....]
Gold:   268        SH:  0    Dex: 15    Spells: 7/7 levels left

rFire   . . .        Y - +0 shortbow
rCold   + . .        (shield currently unavailable)
rNeg    + . .        d - +2 leather armour {rC+}
rPois   inf          (no helmet)
rElec   +            (no cloak)
rCorr   +            f - +0 pair of gloves
SInv    .            (no boots)
Will    .....        (no amulet)
Stlth   +++          e - ring of resist corrosion
HPRegen 0.28/turn    (no ring)
MPRegen 0.12/turn

%: no passive effects
@: about to teleport, heroic
A: sickness immunity, AC +5, negative energy resistance 1, electricity
resistance, torment resistance 1, petrification resistance
a: Renounce Religion, Heroism


You were on level 7 of the Dungeon.
You worshipped Okawaru.
Okawaru was aware of your devotion.
You visited 2 branches of the dungeon, and saw 7 of its levels.
You also visited: Sewer.

You collected 268 gold pieces.


Innate Abilities, Weirdness & Mutations

You are immune to sickness and miasma.
Your stone body is resilient. (AC +5)
You are immune to poison.
You resist negative energy. (rN+)
You are resistant to electric shocks. (rElec)
You are resistant to unholy torment.
You are immune to petrification.


   Skills:
 - Level 4.2(9.2) Fighting
 + Level 7.9(12.9) Ranged Weapons
 - Level 3.5(8.5) Armour
 - Level 2.8(7.8) Dodging
 - Level 1.1(6.1) Stealth
 + Level 3.1 Invocations


You had 7 spell levels left.
You didn't know any spells.
Your spell library was empty.

Inventory:

Hand Weapons
 Y - a +0 shortbow (weapon)
Armour
 b - a +0 troll leather armour {Pargi}
 d - a +2 leather armour of cold resistance (worn)
 f - a +0 pair of gloves (worn)
 h - the +0 hat of Opnonion {rC- Str+3 Stlth+}
   (You found it on level 2 of the Dungeon)

   Str+3:     It affects your strength (+3).
   rC-:       It makes you vulnerable to cold.
   Stlth+:    It makes you more stealthy.
Jewellery
 e - a ring of resist corrosion (left hand)
Scrolls
 c - a scroll of identify
Potions
 a - 2 potions of might
 g - a potion of cancellation
 i - 2 potions of curing {unknown}
 j - a potion of ambrosia {unknown}
 k - a potion of enlightenment
 l - a potion of mutation {unknown}
 m - a potion of heal wounds {unknown}
 p - 2 potions of haste

Dungeon Overview and Level Annotations

Branches:
Dungeon (5/15)             Temple (1/1) D:4           Sewer (visited)

Altars:
Ashenzari
Cheibriados
Dithmenos
Elyvilon
Fedhas
Gozag
Hepliaklqana
Kikubaaqudgha
Makhleb
Nemelex Xobeh
Okawaru
Qazlal
Ru
Sif Muna
Trog
Vehumet
Wu Jian
Xom
Yredelemnul
Zin
The Shining One

Shops:
D:5 :

Annotations:
D:7 Maggie


Message History

The arrow hits the wyvern but does no damage.
The wyvern is lightly wounded.
The wyvern closely misses you.
The wyvern bites you but does no damage.
You shoot an arrow. The arrow hits the wyvern!
The wyvern is heavily wounded.
The wyvern bites you.
You shoot an arrow. The arrow closely misses the wyvern.
The wyvern closely misses you.
You shoot an arrow. The arrow hits the wyvern.
The wyvern is heavily wounded.
The wyvern bites you.
You shoot an arrow. The arrow closely misses the wyvern.
The wyvern misses you.
You shoot an arrow. The arrow barely misses the wyvern.
The wyvern completely misses you.
You shoot an arrow. The arrow closely misses the wyvern.
The wyvern bites you but does no damage.
You shoot an arrow.
The arrow hits the wyvern but does no damage.
The wyvern is heavily wounded.
The wyvern bites you.
You shoot an arrow. The arrow hits the wyvern.
The wyvern is heavily wounded.
The wyvern bites you but does no damage. x2
You shoot an arrow. The arrow barely misses the wyvern.
The wyvern closely misses you.
You shoot an arrow. The arrow hits the wyvern.
The wyvern is heavily wounded.
The wyvern bites you!
3810 ||| READING scroll of teleportation.
As you read the scroll of teleportation, it crumbles to dust.
You feel strangely unstable. The wyvern closely misses you.
The wyvern misses you.
You shoot an arrow. The arrow barely misses the wyvern.
The wyvern bites you.
You shoot an arrow. The arrow hits the wyvern.
The wyvern is severely wounded.
The wyvern bites you!
You die...

#@...# .......^.# ........
...$......# .)#.##......
..........# ...##......
..?.......# ##.......#.#..
.......l..# #..............
<.........###.....#..##.....
#...$....#...#.# #..# #...#
#........#@# #.# #..# #...#
....#....#l###.# #./# ##..#
. #..#....##.###.## #...#
#..###..##.))..####.#.#
#...........##..##..#..
#.....~~~..####.##.##..
#.#....~~~~~.# #.##.#...
#......~~)~~## #.##.#...
##.....~~~~~# #....#...


You could see a wyvern.

Vanquished Creatures
  Eustachio (D:4)
  Menkaure (D:4)
  A water moccasin (D:3)
  Pargi (Sewer)
  A scorpion (D:7)
  A howler monkey (D:4)
  A gnoll bouda (D:7)
  3 hounds
  Jessica (D:3)
  Ijyb (D:4)
  3 iguanas
  3 gnolls (D:7)
  12 adders
  5 worms
  3 dart slugs
  9 orcs
  6 endoplasms
  3 giant cockroaches
  2 goblins
  5 hobgoblins
  4 jackals (D:3)
  6 quokkas
  11 ball pythons
  5 bats
  6 frilled lizards
  7 kobolds
  5 rats
107 creatures vanquished.

Notes
Turn   | Place    | Note
-------+----------+-------------------------------------------
     0 | D:1      | qw the Gargoyle Hunter began the quest for the Orb.
     0 | D:1      | Reached XP level 1. HP: 12/12 MP: 1/1
     0 | D:1      | 0 ||| qw: Version: 0.3-a-76-g4403597
     0 | D:1      | 0 ||| qw: Game counter: 991
     0 | D:1      | 0 ||| qw: Melee chars always use a shield: true
     0 | D:1      | 0 ||| qw: God list: Okawaru
     0 | D:1      | 0 ||| qw: Allow faded altars: false
     0 | D:1      | 0 ||| qw: Do Orc after clearing Dungeon:15 true
     0 | D:1      | 0 ||| qw: Do second Lair branch before Depths: true
     0 | D:1      | 0 ||| qw: Lair rune preference: random
     0 | D:1      | 0 ||| qw: Goals: Normal
     0 | D:1      | 0 ||| PLANNING D:1-11
   303 | D:1      | Reached XP level 2. HP: 17/17 MP: 2/2
   580 | D:1      | 580 ||| UPGRADING to +0 pair of gloves.
   585 | D:1      | 585 ||| UPGRADING to amulet of guardian spirit.
   590 | D:1      | 590 ||| READING scroll labelled FAZXAW QOGO.
   594 | D:1      | 594 ||| DROPPING scroll of butterflies.
   622 | D:2      | 622 ||| STAIRDANCE
   699 | D:2      | Reached skill level 5 in Ranged Weapons
   699 | D:2      | Reached XP level 3. HP: 21/21 MP: 3/3
   701 | D:2      | Found a sparkling altar of Nemelex Xobeh.
   831 | D:2      | Identified the +0 hat of Opnonion {rC- Str+3 Stlth+}
  1015 | D:2      | 1015 ||| Stepping ~*~*~tactically~*~*~ (outnumbered).
  1026 | D:2      | Reached skill level 3 in Fighting
  1195 | D:2      | Reached XP level 4. HP: 28/28 MP: 4/4
  1416 | D:2      | 1416 ||| UPGRADING to +0 ring mail.
  1426 | D:2      | 1426 ||| DROPPING +0 leather armour.
  1427 | D:2      | 1427 ||| UPGRADING to ring of resist corrosion.
  1428 | D:2      | 1428 ||| READING scroll labelled YTORAMOMACW.
  1429 | D:2      | 1429 ||| READING scroll labelled VEZOUSS VOSCHOMOTH.
  1480 | D:3      | 1480 ||| PLANNING SEWER
  1563 | D:3      | Noticed a water moccasin
  1579 | D:3      | Killed a water moccasin
  1580 | D:3      | Reached skill level 3 in Armour
  1580 | D:3      | Reached XP level 5. HP: 27/32 MP: 5/5
  1651 | D:3      | Noticed Jessica
  1653 | D:3      | Killed Jessica
  1654 | D:3      | Reached XP level 6. HP: 37/37 MP: 6/6
  1695 | D:3      | Found a blossoming altar of Fedhas.
  1836 | D:3      | Reached skill level 6 in Ranged Weapons
  1949 | D:3      | Found a glowing drain.
  1950 | D:3      | 1950 ||| UPGRADING to +2 robe of cold resistance.
  1960 | D:3      | 1960 ||| DROPPING +0 ring mail.
  1961 | D:3      | 1961 ||| DROPPING ring of flight.
  1967 | Sewer    | Entered a sewer
  1975 | Sewer    | 1975 ||| Stepping ~*~*~tactically~*~*~ (water).
  2005 | Sewer    | Noticed Pargi
  2006 | Sewer    | 2006 ||| Stepping ~*~*~tactically~*~*~ (water).
  2021 | Sewer    | Killed Pargi
  2091 | Sewer    | 2091 ||| Stepping ~*~*~tactically~*~*~ (water).
  2135 | Sewer    | 2135 ||| UPGRADING to +0 troll leather armour {Pargi}.
  2145 | Sewer    | 2145 ||| DROPPING +2 robe of cold resistance.
  2146 | Sewer    | 2146 ||| READING scroll labelled BOUPAENOMO.
  2147 | Sewer    | 2147 ||| DRINKING 2 black potions.
  2148 | Sewer    | 2148 ||| DRINKING 2 dark potions.
  2162 | D:3      | 2162 ||| PLANNING D:1-11
  2298 | D:4      | Found a staircase to the Ecumenical Temple.
  2299 | D:4      | 2299 ||| PLANNING TEMPLE
  2299 | D:4      | 2299 ||| READING scroll labelled POTSUC RECUY.
  2307 | Temple   | Entered the Ecumenical Temple
  2308 | Temple   | 2308 ||| PLANNING OKAWARU WORSHIP
  2327 | Temple   | Became a worshipper of Warmaster Okawaru
  2328 | Temple   | 2328 ||| PLANNING D:1-11
  2328 | Temple   | 2328 ||| REMOVING amulet of guardian spirit.
  2333 | Temple   | 2333 ||| DROPPING amulet of guardian spirit.
  2361 | D:4      | Noticed Ijyb
  2401 | D:4      | Killed Ijyb
  2514 | D:4      | Reached XP level 7. HP: 20/43 MP: 7/7
  2600 | D:4      | Noticed Eustachio
  2606 | D:4      | 2606 ||| RETREATING.
  2644 | D:4      | HP: 8/43 [Eustachio/+0 falchion of flaming (8)]
  2645 | D:4      | 2645 ||| READING 2 scrolls of teleportation.
  2646 | D:4      | HP: 2/43 [Eustachio/+0 falchion of flaming (7)]
  2647 | D:4      | Killed Eustachio
  2648 | D:4      | Reached skill level 7 in Ranged Weapons
  3019 | D:4      | Noticed Menkaure
  3031 | D:4      | Killed Menkaure
  3031 | D:4      | Reached * piety under Okawaru
  3156 | D:4      | 3156 ||| UPGRADING to +2 leather armour of cold resistance.
  3166 | D:4      | 3166 ||| READING 2 scrolls labelled DYUVIE FYIQI.
  3167 | D:4      | 3167 ||| DRINKING 2 silvery potions.
  3168 | D:4      | 3168 ||| DRINKING 2 lumpy silvery potions.
  3169 | D:4      | 3169 ||| READING 2 scrolls of identify.
  3169 | D:4      | 3169 ||| IDENTIFYING sedimented grey potion
  3170 | D:4      | 3170 ||| DROPPING potion of invisibility.
  3171 | D:4      | 3171 ||| DROPPING scroll of blinking.
  3209 | D:5      | Entered Level 5 of the Dungeon
  3238 | D:5      | Reached skill level 1 in Invocations
  3254 | D:5      | Found Latriamp's Book Shoppe.
  3265 | D:5      | Reached XP level 8. HP: 48/48 MP: 7/9
  3447 | D:5      | You fall into a shaft and drop 2 floors!
  3498 | D:7      | Noticed Maggie
  3509 | D:7      | 3509 ||| INVOKING Heroism.
  3516 | D:7      | HP: 12/48 [Maggie/bolt of fire (3)]
  3517 | D:7      | 3517 ||| READING 2 scrolls of teleportation.
  3699 | D:7      | Found a snail-covered altar of Cheibriados.
  3700 | D:7      | 3700 ||| INVOKING Heroism.
  3708 | D:7      | 3708 ||| Stepping ~*~*~tactically~*~*~ (outnumbered).
  3778 | D:7      | Noticed a wyvern
  3779 | D:7      | 3779 ||| RETREATING.
  3781 | D:7      | 3781 ||| Stepping ~*~*~tactically~*~*~ (retreating).
  3782 | D:7      | 3782 ||| Stepping ~*~*~tactically~*~*~ (retreating).
  3783 | D:7      | 3783 ||| Stepping ~*~*~tactically~*~*~ (retreating).
  3788 | D:7      | 3788 ||| Stepping ~*~*~tactically~*~*~ (retreating).
  3790 | D:7      | 3790 ||| INVOKING Heroism.
  3794 | D:7      | Reached skill level 3 in Invocations
  3809 | D:7      | HP: 3/48 [wyvern (12)]
  3810 | D:7      | 3810 ||| READING scroll of teleportation.
  3811 | D:7      | HP: 1/48 [wyvern (2)]
  3812 | D:7      | Mangled by a wyvern

Levels and vault maps discovered:
D:1:      amcnicky_arrival_flooded_fountain, layout_loops_ring,
          due_unseen_surprise
D:2:      minmay_chambers_of_twos, layout_basic, basic_altar
D:3:      layout_rooms, mainiacjoe_overflow_paths, gup_sewer_entry_bubbles,
          uniq_jessica
D:4:      cheibrodos_helix_gallery, layout_basic, minmay_temple_entry_arrows,
          uniq_ijyb, uniq_menkaure, uniq_eustachio
D:5:      layout_gridville, serial_shops, shop, shop, shop
D:7:      layout_rooms, kennysheep_slug_shrine, gammafunk_ghost_gnarly_gnolls,
          grunt_ministairs_5, uniq_joseph, uniq_maggie
Temple:   regret_index_temple_chain_breaker

Skill      XL: |  1  2  3  4  5  6  7  8 |
---------------+-------------------------+-----
Ranged Weapons | 5 6 7 |  7.9
Fighting       | 3 4 |  4.2
Armour         | 3 |  3.5
Dodging        | 2 |  2.8
Invocations    | 1 3 |  3.1
Stealth        | |  1.1

Action                     |  1- 3 |  4- 6 |  7- 9 || total
---------------------------+-------+-------+-------++-------
   Fire: Shortbow          |    74 |   194 |   231 ||   499
 Invoke: Heroism           |       |       |     3 ||     3
    Use: Scroll            |     1 |     4 |     5 ||    10
         Potion            |       |     2 |     2 ||     4
 Armour: Leather armour    |    26 |     2 |    53 ||    81
         Ring mail         |       |    17 |       ||    17
         Troll leather arm |       |    63 |    51 ||   114
         Robe              |       |    30 |       ||    30
  Dodge: Dodged            |    39 |    86 |    89 ||   214

Table legend:
 A = Non-vault XP
 B = Vault XP
 C = Vault XP percentage of total XP
 D = Non-vault monster count
 E = Vault monster count
 F = Vault count percentage of total count
                 A         B        C        D         E       F
            +---------+---------+-------+---------+---------+-------
      Total |     891 |     637 |  41.7 |      80 |      27 |  25.2
            +---------+---------+-------+---------+---------+-------
        D:1 |      25 |       0 |   0.0 |       8 |       0 |   0.0
        D:2 |      87 |      12 |  12.1 |      19 |       8 |  29.6
        D:3 |     206 |      53 |  20.5 |      17 |       7 |  29.2
        D:4 |     176 |     434 |  71.1 |      20 |       5 |  20.0
        D:5 |     174 |       0 |   0.0 |       5 |       0 |   0.0
        D:7 |     223 |       4 |   1.8 |      11 |       1 |   8.3
      Sewer |       0 |     134 | 100.0 |       0 |       6 | 100.0
            +---------+---------+-------+---------+---------+-------
